 Dungeon Crawl Stone Soup version 0.24.0-13-gcf9b319 (webtiles) character file.

Game seed: 4371659744135647865, levelgen mode: deterministic

25765 Gospel the Thaumaturge (level 12, -13/89 HPs)
             Began as a Mummy Wizard on Dec 31, 2019.
             Was an Initiate of Gozag.
             Mangled by an enormous slime creature (81 damage)
             ... on level 12 of the Dungeon.
             The game lasted 01:17:34 (26389 turns).

Gospel the Thaumaturge (Mummy Wizard)              Turns: 26389, Time: 01:17:35

Health: -13/89     AC: 16    Str: 13    XL:     12   Next: 92%
Magic:  15/25      EV: 15    Int: 27    God:    Gozag
Gold:   56         SH:  0    Dex: 10    Spells: 0/29 levels left

rFire    x . .     SeeInvis .   m - +9 mace of the Living Dead {freeze, Str+2}
rCold    + . .     Gourm    .   (no shield)
rNeg     + + +     Faith    .   o - +1 robe (curse)
rPois    ∞         Spirit   .   I - +2 hat
rElec    .         Reflect  .   (no cloak)
rCorr    .         Harm     .   w - +2 pair of gloves
MR       +....                  k - +2 pair of boots
Stlth    ++........             i - amulet of magic regeneration
HPRegen  0.24/turn              e - +5 ring of protection
MPRegen  0.44/turn              a - +5 ring of intelligence

@: no status effects
A: no food or potions, fire vulnerability, cold resistance 1, negative energy
resistance 3, torment resistance, unbreathing
a: Potion Petition, Call Merchant, Bribe Branch, Renounce Religion


You were on level 12 of the Dungeon.
You worshipped Gozag.
Gozag was noncommittal.
You were not hungry.

You visited 5 branches of the dungeon, and saw 20 of its levels.

You collected 2360 gold pieces.
You spent 1366 gold pieces at shops.
You paid 938 gold pieces to Gozag.

Inventory:

Hand Weapons
 m - the +9 mace of the Living Dead (weapon) {freeze, Str+2}
   (You found it on level 5 of the Dungeon)

   It has been specially enchanted to freeze those struck by it, causing extra
   injury to most foes and up to half again as much damage against particularly
   susceptible opponents.
   It can also slow down cold-blooded creatures.
   It affects your strength (+2).
Missiles
 r - 219 arrows
 A - 2 boomerangs of dispersal (quivered)
Armour
 k - a +2 pair of boots (worn)
 o - a cursed +1 robe (worn)
 w - a +2 pair of gloves (worn)
 H - the +6 chain mail "Nam Teaj" {rF+ rC+ Str+4, unknown}
   (You found it on level 13 of the Dungeon)

   It affects your strength (+4).
   It protects you from fire.
   It protects you from cold.
 I - a +2 hat (worn)
Jewellery
 a - a +5 ring of intelligence (right hand)
 d - a +4 ring of protection
 e - a +5 ring of protection (left hand)
 h - a +2 amulet of reflection {unknown}
 i - an amulet of magic regeneration (around neck)
 s - an uncursed ring of flight
 t - an uncursed ring of stealth {unknown}
 u - an uncursed ring of resist corrosion {unknown}
 y - an uncursed ring of stealth {unknown}
 B - an uncursed ring of fire {unknown}
 C - a +3 amulet of reflection {unknown}
 G - an uncursed ring of resist corrosion {unknown}
Wands
 b - a wand of polymorph (8)
 g - a wand of enslavement (5)
 l - a wand of iceblast (9)
 n - a wand of random effects (14)
 p - a wand of scattershot (5)
 v - a wand of flame (15)
 D - a wand of acid (4)
 E - a wand of paralysis (7)
Scrolls
 c - 2 scrolls of amnesia
 f - 6 scrolls of remove curse
 j - 7 scrolls of teleportation
 q - 2 scrolls of blinking
 x - a scroll of fog
 z - a scroll of brand weapon
 F - a scroll of acquirement {unknown}


   Skills:
 - Level 6.3 Fighting
 + Level 6.0 Maces & Flails
 * Level 7.3 Dodging
 - Level 1.8 Stealth
 - Level 9.2 Spellcasting
 - Level 9.0 Conjurations
 - Level 0.7 Summonings
 - Level 4.6 Translocations
 + Level 6.8 Fire Magic
 + Level 6.0 Air Magic
 - Level 3.0 Poison Magic


You couldn't memorise any spells.
You knew the following spells:

 Your Spells              Type           Power        Failure   Level  Hunger
a - Magic Dart            Conj           ####         1%          1    N/A
b - Blink                 Tloc           N/A          1%          2    N/A
c - Call Imp              Summ           ###.....     5%          2    N/A
d - Conjure Flame         Conj/Fire      ######..     1%          3    N/A
e - Mephitic Cloud        Conj/Pois/Air  #####...     1%          3    N/A
f - Sticks to Snakes      Tmut           ##......     7%          2    N/A
g - Animate Skeleton      Necr           N/A          4%          1    N/A
h - Searing Ray           Conj           ######       1%          2    N/A
i - Iskenderun's Mystic   Conj           ######..     1%          4    N/A
j - Dazzling Spray        Conj/Hex       #####.       2%          3    N/A
k - Freezing Cloud        Conj/Ice/Air   #####.....   67%         6    N/A

Your spell library contained the following spells:

 Spells                   Type           Power        Failure   Level  Hunger
 Apportation              Tloc           #####.       1%          1    N/A
 Poisonous Vapours        Pois/Air       #####.       1%          2    N/A
 Force Lance              Conj/Tloc      #####...     2%          4    N/A
 Summon Small Mammal      Summ           ###.         3%          1    N/A
 Confusing Touch          Hex            ##....       4%          1    N/A
 Slow                     Hex            ##......     7%          2    N/A
 Fulminant Prism          Conj/Hex       #####.....   8%          4    N/A
 Poison Arrow             Conj/Pois      #####.....   52%         6    N/A
 Ring of Flames           Chrm/Fire      ####......   100%        7    N/A
 Chain Lightning          Conj/Air       ######....   100%        8    N/A
 Lehudib's Crystal Spear  Conj/Erth      #####.....   100%        8    N/A
 Fire Storm               Conj/Fire      ######....   100%        9    N/A
 Glaciate                 Conj/Ice       #####.....   100%        9    N/A
 Beastly Appendage        Tmut           Unusable     N/A         1    N/A
 Spider Form              Tmut/Pois      Unusable     N/A         3    N/A
 Ice Form                 Ice/Tmut       Unusable     N/A         4    N/A
 Blade Hands              Tmut           Unusable     N/A         5    N/A

Dungeon Overview and Level Annotations

Branches:
Dungeon (13/15)            Temple (1/1) D:5            Lair (4/6) D:9
  Snake (1/4) Lair:3          Orc (1/2) D:11         Vaults (0/5) D:13
  Swamp: Lair:2-4    Shoals: Lair:2-4

Altars:
Ashenzari
Cheibriados
Dithmenos
Elyvilon
Fedhas
Gozag
Hepliaklqana
Kikubaaqudgha
Makhleb
Nemelex Xobeh
Okawaru
Qazlal
Ru
Sif Muna
Trog
Uskayaw
Vehumet
Wu Jian
Xom
Yredelemnul
Zin
The Shining One

Shops:
D:7 (   D:10 :   D:12 (

Annotations:
D:10 3 runed translucent doors, austinbyrn's ghost, journeyman GrFi


Innate Abilities, Weirdness & Mutations

You do not eat or drink.
Your flesh is vulnerable to fire.
You are immune to poison.
Your flesh is cold resistant. (rC+)
You are immune to negative energy. (rN+++)
You are immune to unholy pain and torment.
You can survive without breathing.


Message History

The very large slime creature is lightly wounded.
Two slime creatures merge to form an enormous slime creature.
The searing ray hits the enormous slime creature!
The enormous slime creature is lightly wounded.
The searing ray hits the enormous slime creature!
The enormous slime creature is lightly wounded.
You finish channeling your searing ray.
The enormous slime creature is engulfed in blazing flames.
The enormous slime creature is engulfed in blazing flames.
You barely miss the enormous slime creature.
The enormous slime creature is moderately wounded.
The enormous slime creature is engulfed in blazing flames.
The enormous slime creature hits you!!
You sock the enormous slime creature! You freeze the enormous slime creature.
The enormous slime creature is moderately wounded.
The enormous slime creature is engulfed in blazing flames.
The enormous slime creature hits you!!!!
Ouch! That really hurt!
You die...
Your body crumbles into a pile of gold.

########## ###
######........# >.#
#.@J§☼........##### #.##
########.####.(....).+.#..
#..#####.....#..#
#.......)#)#..
##....##.....'.##
#........#.#..
####..'.....###
#........#.#.. ####.....#
#........#.... #.....#
#####'######.. ##'####
#..# ##. #..# #.## #.


You could see an enormous slime creature.

Vanquished Creatures
  7 vault guards (D:13)
  A centaur warrior (D:13)
  A catoblepas (Lair:3)
  A two-headed ogre (D:11)
  2 unseen horrors
  Pikel (D:8)
  A cyclops (D:11)
  2 manticores
  4 ugly things
  4 spiny frogs
  A kobold demonologist (D:11)
  A komodo dragon (D:13)
  Grinder (D:6)
  A queen bee (D:9)
  2 trolls
  Prince Ribbit (D:5)
  3 hippogriffs
  Sigmund (D:5)
  A wraith (D:12)
  3 wyverns
  A spriggan (Lair:3)
  15 yaks
  A hungry ghost (D:10)
  2 basilisks
  Grum (D:10)
  A naga (Lair:3)
  A soldier ant (D:12)
  3 water moccasins
  2 porcupines
  3 orc warriors
  5 ice beasts
  3 slaves
  A black bear (Lair:3)
  A swamp drake (D:11)
  5 ogres
  7 centaurs
  16 wolves
  6 crocodiles
  A big kobold (D:7)
  Blork the orc (D:5)
  10 bullfrogs
  A gnoll sergeant (D:8)
  2 scorpions
  A wyvern skeleton (D:13)
  21 killer bees
  13 wights
  2 howler monkeys
  A centaur zombie (D:6)
  8 crimson imps
  4 bullfrog zombies
  4 hounds
  A quasit (D:12)
  A bullfrog skeleton (D:13)
  9 orc wizards
  6 jellies
  A centaur skeleton (D:10)
  Terence (D:3)
  4 iguanas
  7 worker ants
  A hound skeleton (D:7)
  A howler monkey zombie (D:6)
  4 worker ant zombies
  4 gnolls (D:8)
  14 adders
  2 shadow imps (D:7)
  2 oozes (D:3)
  2 adder zombies (D:5)
  2 adder skeletons
  2 worms (D:3)
  3 leopard geckos
  37 orcs
  9 bats
  4 giant cockroaches
  5 goblins
  2 hobgoblins (D:2)
  4 jackals
  4 quokkas
  3 frilled lizards (D:1)
  A jackal skeleton (D:6)
  14 kobolds
  A quokka skeleton (D:8)
  7 rats
340 creatures vanquished.

Vanquished Creatures (collateral kills)
  An ugly thing (D:13)
  A wight (D:13)
  A hound (D:4)
  An orc priest (D:5)
  An iguana (D:4)
  A worker ant (D:2)
  2 hound zombies
  An adder (D:9)
  2 worms (D:2)
  An orc (D:5)
  A jackal (D:4)
  A jackal skeleton (D:5)
  A quokka zombie (D:8)
15 creatures vanquished.

Vanquished Creatures (others)
  4 fungi
  4 plants
8 creatures vanquished.

Grand Total: 363 creatures vanquished

Notes
Turn   | Place    | Note
-------+----------+-------------------------------------------
     0 | D:1      | Gospel the Mummy Wizard began the quest for the Orb.
     0 | D:1      | Reached XP level 1. HP: 13/13 MP: 5/5
   482 | D:1      | Reached XP level 2. HP: 19/19 MP: 5/7
  1309 | D:1      | Reached skill level 1 in Conjurations
  1441 | D:2      | Found an iron altar of Okawaru.
  1511 | D:2      | Reached XP level 3. HP: 24/24 MP: 7/9
  1979 | D:2      | Learned a level 2 spell: Blink
  1982 | D:2      | Learned a level 2 spell: Call Imp
  1986 | D:2      | Learned a level 3 spell: Conjure Flame
  1990 | D:2      | Learned a level 3 spell: Mephitic Cloud
  2265 | D:2      | Reached skill level 5 in Spellcasting
  2327 | D:2      | Reached XP level 4. HP: 30/30 MP: 6/11
  3211 | D:3      | Noticed Terence
  3224 | D:3      | Killed Terence
  3629 | D:3      | Reached skill level 1 in Air Magic
  3629 | D:3      | Reached XP level 5. HP: 21/35 MP: 3/12
  3636 | D:3      | Reached skill level 1 in Poison Magic
  4249 | D:3      | Reached skill level 1 in Fire Magic
  5320 | D:5      | Entered Level 5 of the Dungeon
  6490 | D:4      | Reached XP level 6. HP: 41/41 MP: 2/14
  6637 | D:4      | Found a hazy altar of Hepliaklqana.
  7150 | D:5      | Noticed Sigmund
  7186 | D:5      | Killed Sigmund
  7186 | D:5      | Reached XP level 7. HP: 46/46 MP: 15/15
  7195 | D:5      | Got a slimy mace
  7197 | D:5      | Identified the +9 mace of the Living Dead {freeze, Str+2}
                  | (You found it on level 5 of the Dungeon)
  7475 | D:5      | Noticed Prince Ribbit
  7491 | D:5      | Killed Prince Ribbit
  7491 | D:5      | Reached skill level 1 in Fighting
  7537 | D:5      | Found a staircase to the Ecumenical Temple.
  7541 | D:5      | Learned a level 2 spell: Sticks to Snakes
  8335 | D:5      | Noticed Blork the orc
  8342 | D:5      | Killed Blork the orc
  8367 | D:5      | You fall into a shaft and drop 3 floors!
  8447 | D:7      | Reached XP level 8. HP: 45/57 MP: 7/16
  8758 | D:7      | Found Hafew's Weapon Emporium.
  8761 | D:7      | Bought a throwing net for 42 gold pieces
  8809 | D:7      | You fall into a shaft and drop 3 floors!
  8809 | D:10     | Entered Level 10 of the Dungeon
  8828 | D:10     | Noticed Grum
  8836 | D:10     | Killed Grum
  8844 | D:10     | Reached skill level 5 in Conjurations
  9103 | D:10     | Learned a level 1 spell: Animate Skeleton
  9352 | D:10     | Found a runed translucent gate.
  9352 | D:10     | Found a runed translucent gate.
  9352 | D:10     | Found a runed translucent gate.
  9353 | D:10     | Identified the +3 short sword "Newt's Demise" {venom, rElec
                  | rC- Str+4 Int+2}
  9353 | D:10     | Noticed austinbyrn's ghost (journeyman GrFi)
  9354 | D:10     | Noticed a kobold demonologist
  9354 | D:10     | Noticed a kobold demonologist
  9355 | D:10     | Noticed a kobold demonologist
  9523 | D:10     | Reached skill level 1 in Maces & Flails
  9757 | D:10     | Reached XP level 9. HP: 55/66 MP: 15/17
  9929 | D:10     | Noticed a troll
  9934 | D:10     | Killed a troll
 10311 | D:11     | Got a bloodstained leather armour
 10364 | D:9      | Found a staircase to the Lair.
 10366 | D:8      | Noticed Pikel
 10518 | D:9      | Noticed a queen bee
 10603 | D:9      | Identified the cursed +1 leather armour of Dramatic Exits
                  | {rN+} (You found it on level 11 of the Dungeon)
 10778 | D:9      | Reached skill level 1 in Translocations
 11013 | D:9      | Reached skill level 5 in Fire Magic
 11112 | D:9      | Killed a queen bee
 11275 | D:9      | Reached XP level 10. HP: 71/73 MP: 18/18
 11367 | D:9      | Found a blossoming altar of Fedhas.
 11571 | D:8      | Killed Pikel
 13277 | D:6      | Noticed Grinder
 13299 | D:6      | Paralysed by Grinder for 3 turns
 13302 | D:6      | Killed Grinder
 14262 | Temple   | Entered the Ecumenical Temple
 14516 | Temple   | Became a worshipper of Gozag Ym Sagoz the Greedy
 14710 | D:11     | Noticed a cyclops
 15068 | D:11     | Noticed a green ugly thing
 15116 | Lair:1   | Entered Level 1 of the Lair of Beasts
 15139 | Lair:1   | Noticed a spiny frog
 15640 | D:13     | Noticed a white ugly thing
 15664 | D:12     | Reached skill level 5 in Air Magic
 15881 | D:11     | Found a staircase to the Orcish Mines.
 15882 | D:11     | Noticed a two-headed ogre
 17347 | Lair:1   | Killed a spiny frog
 17981 | Lair:2   | Noticed a spiny frog
 17991 | Lair:2   | Killed a spiny frog
 17991 | Lair:2   | Reached XP level 11. HP: 66/78 MP: 14/20
 20032 | Lair:3   | Found a staircase to the Snake Pit.
 20043 | Lair:3   | Noticed a catoblepas
 20115 | Lair:3   | Reached skill level 5 in Fighting
 20506 | Lair:3   | Killed a catoblepas
 21098 | Lair:3   | Noticed a six-headed hydra
 21143 | Snake:1  | Entered Level 1 of the Snake Pit
 21311 | D:11     | Killed a two-headed ogre
 21560 | Orc:1    | Entered Level 1 of the Orcish Mines
 21560 | Orc:1    | Noticed an orc sorcerer
 21690 | D:11     | Killed an unseen horror
 21690 | D:11     | Reached skill level 5 in Dodging
 22053 | D:11     | Killed a green ugly thing
 22689 | D:12     | Noticed a purple ugly thing
 22705 | D:12     | Killed a purple ugly thing
 22705 | D:12     | Reached XP level 12. HP: 88/88 MP: 11/24
 23511 | D:12     | Found Zezebuor's Antique Weapon Emporium.
 24010 | D:13     | Reached skill level 5 in Maces & Flails
 24614 | D:13     | Noticed a centaur warrior
 24644 | D:13     | Killed a centaur warrior
 24781 | D:13     | Got a warped chain mail
 25318 | D:13     | Found a gate to the Vaults.
 25318 | D:13     | Noticed a vault guard
 25318 | D:13     | Noticed a vault guard
 25318 | D:13     | Noticed a vault guard
 25318 | D:13     | Noticed a vault guard
 25318 | D:13     | Noticed a vault guard
 25318 | D:13     | Noticed a vault guard
 25318 | D:13     | Noticed a vault guard
 25323 | D:13     | Noticed a vault guard
 25328 | D:13     | Killed a vault guard
 25344 | D:13     | Killed a vault guard
 25347 | D:13     | Killed a vault guard
 25356 | D:13     | Killed a vault guard
 25358 | D:13     | Killed a vault guard
 25663 | D:10     | Bought a book of Annihilations for 1324 gold pieces
 25666 | D:10     | Learned a level 2 spell: Searing Ray
 25671 | D:10     | Learned a level 4 spell: Iskenderun's Mystic Blast
 25675 | D:10     | Learned a level 3 spell: Dazzling Spray
 25682 | D:10     | Learned a level 6 spell: Freezing Cloud
 25827 | D:13     | Killed a vault guard
 25886 | D:13     | Killed a vault guard
 26389 | D:12     | Mangled by an enormous slime creature

Levels and vault maps discovered:
D:1:      giann_wishing_wells, layout_basic
D:2:      layout_basic, okawaru_trees_1
D:3:      minmay_spotlight, layout_loops_ring, uniq_terence
D:4:      layout_loops_ring, old_standard_altar
D:5:      layout_basic, minmay_temple_entry_glassed_door, first_ration,
          serial_bayou_pond_c, kennysheep_small_spiral, uniq_sigmund,
          uniq_prince_ribbit1, uniq_blork_the_orc
D:6:      layout_gridville, uniq_grinder
D:7:      layout_basic, serial_shops, nicolae_shop_statue_plus
D:8:      layout_basic, uniq_pikel
D:9:      layout_rooms, david_lair_generic, david_nohive_1,
          fedhas_ov_isle_minmay
D:10:     layout_loops_cross, gammafunk_ghost_nasty_kobolds, uniq_grum
D:11:     layout_roguey, erik_orc_1
D:12:     layout_roguey, serial_shops, nicolae_shop_behind_doors
D:13:     layout_irregular_city, erik_vaults_2, minmay_misc_feat_rows,
          lemuel_old_faithful
Temple:   regret_index_temple_sigil_plot
Lair:1:   layout_loops_ring, serial_forest, infiniplex_forest_end_2,
          infiniplex_forest_clump_double, infiniplex_forest_straight_4,
          infiniplex_forest_clump_tiny, infiniplex_forest_lined_3,
          infiniplex_forest_straight_4, infiniplex_forest_clump_double,
          lemuel_fruit_fields, lemuel_fruit_tree
Lair:2:   layout_misc_corridors
Lair:3:   layout_cave_pods, guppyfry_snake_entry_island, forest_entry_grove
Lair:4:   layout_loops_ring, nicolae_swamp_entry_splash_gauntlet,
          infiniplex_staircase_pool_2
Snake:1:  layout_rooms
Orc:1:    layout_diamond_mine, basic_altar

Skill      XL: |  1  2  3  4  5  6  7  8  9 10 11 12 |
---------------+-------------------------------------+-----
Conjurations   | 1 2 3 4 5 6 7 8 9 |  9.0
Dodging        | 2 3 5 7 |  7.3
Spellcasting   | 5 6 8 9 |  9.2
Air Magic      | 1 2 3 5 6 |  6.0
Poison Magic   | 1 3 |  3.0
Fire Magic     | 1 3 4 5 6 |  6.8
Fighting       | 2 4 6 |  6.3
Maces & Flails | 1 2 4 6 |  6.0
Translocations | 4 |  4.6
Stealth        | |  1.8
Summonings     | |  0.7

Action                   |  1- 3 |  4- 6 |  7- 9 | 10-12 || total
-------------------------+-------+-------+-------+-------++-------
Melee: Unarmed           |    36 |       |       |       ||    36
       Dagger            |     3 |    57 |       |       ||    60
       Whip              |       |    10 |       |       ||    10
       Mace              |       |       |   125 |   443 ||   568
Throw: Throwing net      |       |       |       |     1 ||     1
 Cast: Magic Dart        |    92 |   129 |    90 |   368 ||   679
       Call Imp          |     2 |    10 |    15 |    12 ||    39
       Mephitic Cloud    |       |    13 |    34 |   106 ||   153
       Conjure Flame     |       |    23 |    28 |    74 ||   125
       Blink             |       |     4 |     2 |     8 ||    14
       Sticks to Snakes  |       |       |     9 |     7 ||    16
       Animate Skeleton  |       |       |     3 |       ||     3
       Dazzling Spray    |       |       |       |     6 ||     6
       Iskenderun's Myst |       |       |       |     1 ||     1
       Searing Ray       |       |       |       |     1 ||     1
Invok: Call Merchant     |       |       |       |     1 ||     1
       Potion Petition   |       |       |       |     1 ||     1
Evoke: Wand              |       |     3 |     6 |    11 ||    20
  Use: Scroll            |       |     4 |     7 |     9 ||    20
 Stab: Confused          |       |     5 |     4 |    23 ||    32
       Paralysed         |       |     3 |       |       ||     3
       Distracted        |       |       |     1 |     2 ||     3
       Sleeping          |       |       |     1 |       ||     1
       Invisible         |       |       |       |     1 ||     1
Armor: Robe              |    24 |    10 |    67 |   149 ||   250
Dodge: Dodged            |    70 |    35 |   110 |   245 ||   460
